 Dungeon Crawl Stone Soup version 0.27.1-4-g1640c2035a (webtiles) character file.

Game seed: 14967655515422392793

22 raph the Chopper (level 2, -2/26 HPs)
             Began as a Hill Orc Fighter on Nov 4, 2021.
             Slain by Terence (6 damage)
             ... on level 2 of the Dungeon.
             The game lasted 00:01:03 (905 turns).

raph the Chopper (Hill Orc Fighter)                  Turns: 905, Time: 00:01:03

Health: -2/26      AC:  6    Str: 18    XL:     2   Next: 91%
Magic:  2/2        EV:  7    Int:  8    God:
Gold:   55         SH:  9    Dex: 10    Spells: 1/1 levels left

rFire    . . .     SeeInvis .   a - +0 war axe
rCold    . . .     Faith    .   c - +0 kite shield
rNeg     . . .     Spirit   .   b - +0 scale mail
rPois    .         Reflect  .   (no helmet)
rElec    .         Harm     .   (no cloak)
rCorr    .         Rampage  .   (no gloves)
Will     .....                  (no boots)
Stlth    ..........             (no amulet)
HPRegen  0.08/turn              (no ring)
MPRegen  0.08/turn              (no ring)

@: no status effects
A: no striking features
a: no special abilities


You were on level 2 of the Dungeon.
You visited 1 branch of the dungeon, and saw 2 of its levels.

You collected 55 gold pieces.

Inventory:

Hand Weapons
 a - a +0 war axe (weapon)
Missiles
 e - 8 atropa-tipped darts (quivered)
Armour
 b - a +0 scale mail (worn)
 c - a +0 kite shield (worn)
Scrolls
 f - 2 scrolls of teleportation {unknown}
 g - 2 scrolls of identify {unknown}
 h - a scroll of immolation {unknown}
Potions
 d - a potion of might


   Skills:
 - Level 3.6 Fighting
 + Level 4.4 Axes
 - Level 3.2 Armour
 - Level 3.2 Shields


You had one spell level left.
You didn't know any spells.
Your spell library contained the following spells:

 Spells                   Type           Power      Damage    Failure   Level
 Beastly Appendage        Tmut           0%         N/A       99%         1
 Wereblood                Tmut           0%         N/A       100%        2
 Spider Form              Tmut/Pois      0%         N/A       100%        3


Dungeon Overview and Level Annotations

Branches:
Dungeon (2/15)

Altars:

Annotations:
D:2 Terence


Message History

Found a stone staircase leading down.
Found a stone staircase leading down.
Terence the Incautious comes into view.
He is wielding a +0 short sword.
Terence shouts!
Terence is nearby!
Terence shouts, "Now you die!" You block Terence's attack.
You slash Terence!
Terence is heavily wounded.
Terence hits you but does no damage. Terence hits you with a +0 short sword.
You hit Terence but do no damage.
Terence is heavily wounded.
You block Terence's attack.
You hit Terence.
Terence is severely wounded.
You block Terence's attack.
A hobgoblin comes into view. It is wielding a +0 dagger.
You barely miss Terence.
Terence is severely wounded.
The hobgoblin shouts!
Terence hits you with a +0 short sword.
Terence shouts, "Get ready for death!"
Terence barely misses you.
You hit Terence but do no damage.
Terence is severely wounded.
Terence hits you with a +0 short sword.
You closely miss Terence.
Terence is severely wounded.
You block Terence's attack. Terence hits you with a +0 short sword.
You hit Terence.
Terence is almost dead.
You block Terence's attack. Terence hits you with a +0 short sword.
You closely miss Terence.
Terence is almost dead.
You closely miss the hobgoblin.
The hobgoblin hits you with a +0 dagger.
* * * LOW HITPOINT WARNING * * *
An endoplasm comes into view.
Terence hits you with a +0 short sword.
You die...

#.# ##...##.. ..#
###.....# .[. #..)†....
##. #........
######.#####........
#...##.............. ..#
#...#####..#(.......
#...#...#####...........
..#..g@>......#.......>
#.....@..#####.#........
#..........###.#........
J..##...##..............
#. #...##....###.<#####
# #...##.#### #...#
######.# ##.. ..# . .###


You could see Terence, an endoplasm (wandering) and a hobgoblin.

Vanquished Creatures
  3 goblins
  2 hobgoblins (D:1)
  2 quokkas (D:1)
  2 ball pythons (D:1)
  A bat (D:1)
  A frilled lizard (D:2)
  6 kobolds
  4 rats (D:1)
21 creatures vanquished.

Notes
Turn   | Place    | Note
-------+----------+-------------------------------------------
     0 | D:1      | raph the Hill Orc Fighter began the quest for the Orb.
     0 | D:1      | Reached XP level 1. HP: 19/19 MP: 1/1
   126 | D:1      | Reached skill level 3 in Axes
   221 | D:1      | Reached XP level 2. HP: 22/26 MP: 2/2
   401 | D:1      | Reached skill level 4 in Axes
   894 | D:2      | Noticed Terence
   905 | D:2      | Slain by Terence

Illustrated notes

Levels and vault maps discovered:
D:1:      minmay_arrival_four_houses, layout_basic
D:2:      layout_rooms, hellmonk_ecumenical_altar_crossroads, uniq_terence

Skill      XL: |  1  2 |
---------------+-------+-----
Axes           | 3 4 |  4.4
Fighting       | |  3.6
Armour         | |  3.2
Shields        | |  3.2

Action                   || total
-------------------------++-------
Melee: War axe           ||    73
Armor: Scale mail        ||    45
Dodge: Dodged            ||    17
Block: Kite shield       ||    48
